 Dungeon Crawl Stone Soup version 0.28.0-49-g6dfe1f597d (webtiles) character file.

Game seed: 2417908251473989421

0 101zpm the Magician (level 1, -2/15 HPs)
             Began as a Djinni Fire Elementalist on May 17, 2022.
             Slain by Sigmund
             ... wielding a +2 scythe of protection
              (8 damage)
             ... on level 2 of the Dungeon.
             The game lasted 00:00:16 (7 turns).

101zpm the Magician (Djinni Fire Elementalist)         Turns: 7, Time: 00:00:16

Health: -2/15      AC:  2    Str:  7    XL:     1   Next: 0%
Gold:   0          EV: 12    Int: 16    God:
                   SH:  0    Dex: 13

rFire   + + .      SeeInvis .   (no weapon)
rCold   x . .      Faith    .   (no shield)
rNeg    . . .      Spirit   .   a - +0 robe
rPois   ∞          Reflect  .   (no helmet)
rElec   .          Harm     .   (no cloak)
rCorr   .          Rampage  .   (no gloves)
Will    .....                   (boots unavailable)
Stlth   ++........              (no amulet)
HPRegen 0.05/turn               (no ring)
MPRegen 0.00/turn               (no ring)

@: flying, very slightly contaminated
A: sickness immunity, fire resistance 2, cold vulnerability 1, float, innate
caster, HP casting, extra vitality 1
a: no special abilities


You were on level 2 of the Dungeon.
You visited 1 branch of the dungeon, and saw 2 of its levels.

Inventory:

Armour
 a - a +0 robe (worn)


   Skills:
 + Level 2.1 Dodging
 + Level 1.5 Stealth
 + Level 2.4 Spellcasting


You couldn't memorise any spells.
You knew the following spells:

 Your Spells              Type           Power      Damage    Failure   Level
a - Foxfire               Conj/Fire      36%        2x1d5     8%          1
b - Scorch                Fire           18%        2d6       11%         2
c - Conjure Flame         Conj/Fire      9%         6-21      22%         3
d - Inner Flame           Hex/Fire       9%         N/A       22%         3
e - Flame Wave            Conj/Fire      9%         2d5       58%         4
Your spell library was empty.

Dungeon Overview and Level Annotations

Branches:
Dungeon (2/15)

Altars:
Nemelex Xobeh

Annotations:
D:2 Sigmund


Innate Abilities, Weirdness & Mutations

You are immune to sickness and miasma.
You are immune to poison.
Your flesh is very heat resistant. (rF++)
You are vulnerable to cold. (rC-)
You float through the air rather than walking.
You learn spells naturally, not from books.
Your magical power is your life essence.
You have superior vitality. (+4 MHP)


Message History

Found a staircase leading out of the dungeon.
You begin with the following spells memorised: Foxfire, Scorch, Conjure Flame, Inner Flame, Flame Wave.
There is an escape hatch in the floor here.
You fly downwards.
The hatch slams shut behind you.
Found a sparkling altar of Nemelex Xobeh.
Casting: Foxfire (safe; 8% risk of failure)
Press: ? - help, Q - select action, (/) - cycle Dir - look around, f - activate You conjure some foxfire!
Sigmund shouts!
Sigmund barely misses you.
Casting: Foxfire (safe; 8% risk of failure)
Press: ? - help, Q - select action, (/) - cycle Dir - look around, f - activate You conjure some foxfire!
The foxfire hits Sigmund.
Sigmund is lightly wounded.
The foxfire hits Sigmund but does no damage.
Sigmund is lightly wounded.
Casting: Foxfire (safe; 8% risk of failure)
Press: ? - help, Q - select action, (/) - cycle Dir - look around, f - activate You conjure some foxfire!
The foxfire hits Sigmund but does no damage.
Sigmund is lightly wounded.
The foxfire hits Sigmund but does no damage.
Sigmund is lightly wounded.
Sigmund mumbles some strange words.
Sigmund flickers and vanishes!
Deactivating autopickup; reactivate with Ctrl-A.
Casting: Foxfire (safe; 8% risk of failure)
Press: ? - help, Q - select action, (/) - cycle Dir - look around, f - activate You miscast Foxfire.
You are very lightly contaminated with residual magic.
Nothing appears to happen.
The foxfire hits something but does no damage. x2
A magic dart appears from out of thin air!
The magic dart hits you.
Casting: Foxfire (safe; 8% risk of failure)
Confirm with . or Enter, or press ? or * to list all spells.
You conjure some foxfire!
Something hits you!
Ouch! That really hurt!
You die...

#####
##...#####
.........
#######.§......
.......@v._...#
#######§v{...##
#......#
#....### ######


There were no monsters in sight!

Vanquished Creatures (others)
  6 foxfires (D:2)
6 creatures vanquished.

Notes
Turn   | Place    | Note
-------+----------+-------------------------------------------
     0 | D:1      | 101zpm the Djinni Fire Elementalist began the quest for the
                  | Orb.
     0 | D:1      | Reached XP level 1. HP: 15/15 MP: 0/0
     2 | D:2      | Noticed Sigmund
     2 | D:2      | Found a sparkling altar of Nemelex Xobeh.
     7 | D:2      | Slain by Sigmund

Illustrated notes

Levels and vault maps discovered:
D:1:      wander_arrival_desolate, layout_loops_cross, chequers_jeans
D:2:      cheibrodos_pilgrimage, layout_loops_ring, basic_altar, serial_shops,
          shop, minivault_25, minmay_misc_feat_nine_boxes, uniq_sigmund,
          uniq_natasha, uniq_jessica

Action                   || total
-------------------------++-------
 Cast: Foxfire           ||     4
Dodge: Dodged            ||     1
